 Dungeon Crawl Stone Soup version 0.31-a0-705-ga145531891 (webtiles) character file.

Game seed: 9636718410733419

55 Ofeo the Changeling (level 3, -1/27 HPs)
             Began as a Demonspawn Shapeshifter on Sept 10, 2023.
             Slain by a gnoll
             ... wielding a +0 flail
              (12 damage)
             ... on level 2 of the Dungeon.
             The game lasted 00:01:16 (1126 turns).

Ofeo the Changeling (Demonspawn Shapeshifter)       Turns: 1126, Time: 00:01:16

Health: -1/27      AC:  2    Str: 14    XL:     3   Next: 67%
Magic:  3/3        EV: 12    Int: 11    God:
Gold:   158        SH:  0    Dex: 16    Spells: 2/2 levels left

rFire   . .          .
                       - Unarmed
rCold   . . .        (no shield)
rNeg    . . .        a - +0 animal skin
rPois   .            (helmet currently unavailable)
rElec   .            (cloak currently unavailable)
rCorr   .            (gloves currently unavailable)
SInv    .            (boots currently unavailable)
Will    .....        (no amulet)
Stlth   ++           (no ring)
HPRegen 0.24/turn    (no ring)
MPRegen 0.08/turn

%: no passive effects
@: mighty, beast-form
A: beast (slay +1), thin skeletal structure 1, demonic touch 1
a: Begin Untransformation


You were on level 2 of the Dungeon.
You were a hulking beast.
You visited 1 branch of the dungeon, and saw 2 of its levels.

You collected 158 gold pieces.

Inventory:

Missiles
 g - 4 curare-tipped darts
Armour
 a - a +0 animal skin (worn)
 f - a +0 pair of gloves
Talismans
 c - a beast talisman (active)
 d - a flux talisman
Potions
 e - a potion of cancellation {unknown}


   Skills:
 - Level 1.6 Fighting
 - Level 2.2 Dodging
 - Level 3.0 Unarmed Combat
 + Level 3.3 Shapeshifting


You had 2 spell levels left.
You didn't know any spells.
Your spell library contained the following spells:

 Spells                   Type           Power      Damage    Failure   Level
 Ensorcelled Hibernation  Hex/Ice        0%         N/A       47%         2
 Passwall                 Tmut/Erth      0%         N/A       47%         2
 Swiftness                Air            0%         N/A       71%         3


Dungeon Overview and Level Annotations

Branches:
Dungeon (2/15)

Altars:


Innate Abilities, Weirdness & Mutations

You are a hulking beast.
Your limbs bulge with bestial killing power. (Slay +1)
You have a somewhat thin skeletal structure. (Dex +2, Stealth+)
Your touch may inflict minor irresistible damage on your foes.


Message History

A gnoll is nearby!
A gnoll is nearby!
A gnoll is nearby!
A gnoll comes into view. It is wielding a +0 flail.
A gnoll comes into view. It is wielding a +0 club.
The gnoll shouts! x2
You see here a potion of lignification.
The gnoll hits you with a +0 club.
The gnoll hits you from afar with a +0 spear!
You take 12 damage, and have 15/27 hp.
MASSIVE DAMAGE!!
You punch the gnoll!
The gnoll is severely wounded.
The gnoll closely misses you.
The gnoll hits you from afar with a +0 spear.
You take 3 damage, and have 12/27 hp.
You hit the gnoll.
The gnoll is almost dead.
The gnoll hits you but does no damage. The gnoll barely misses you.
You closely miss the gnoll.
The gnoll is almost dead.
The gnoll hits you from afar with a +0 spear.
You take 2 damage, and have 10/27 hp.
The gnoll shouts!
You hit the gnoll.
You kill the gnoll!
The gnoll barely misses you. The gnoll attacks as it pursues you!
The gnoll hits you from afar with a +0 spear.
You take 2 damage, and have 9/27 hp.
Okay, then.
It was a potion of might.
You feel very mighty all of a sudden. The gnoll closely misses you.
The gnoll completely misses you.
You closely miss the gnoll. The gnoll misses you.
You punch the gnoll!
You touch the gnoll!
You kill the gnoll!
You hit the gnoll but do no damage. The gnoll closely misses you.
You closely miss the gnoll. The gnoll hits you with a +0 flail!
You die...

.. #.# ####...### .
#.# ##.## . #.# #.#
# #. #.# #.#
#.#.##.#### #.#
.#.........#####.#
.........#.......#
#####.##[.#########
.........h# ...
#####.###g# .#.. #
#)# ..... #.#......
#!....... #........
#....g... #.#.....#
#........


You could see a gnoll.

Vanquished Creatures
  2 gnolls (D:2)
  An adder (D:2)
  A worm (D:2)
  4 ball pythons
  A goblin (D:1)
  2 hobgoblins
  7 jackals (D:1)
  A quokka (D:1)
  3 rats (D:1)
22 creatures vanquished.

Notes
Turn   | Place    | Note
-------+----------+-------------------------------------------
     0 | D:1      | Ofeo the Demonspawn Shapeshifter began the quest for the
                  | Orb.
     0 | D:1      | Reached XP level 1. HP: 15/15 MP: 1/1
   148 | D:1      | Gained mutation: You have a somewhat thin skeletal
                  | structure. (Dex +2, Stealth+) [demonic ancestry]
   148 | D:1      | Reached XP level 2. HP: 12/21 MP: 2/2
  1028 | D:2      | Gained mutation: Your touch may inflict minor irresistible
                  | damage on your foes. [demonic ancestry]
  1028 | D:2      | Reached XP level 3. HP: 22/27 MP: 3/3
  1126 | D:2      | Slain by a gnoll

Illustrated notes

Levels and vault maps discovered:
D:1:      wander_arrival_desolate, layout_loops_ring
D:2:      layout_loops_ring, st_stairs_2, minmay_statues_item,
          kennysheep_generic_room_2

Skill      XL: |  1  2 |
---------------+-------+-----
Dodging        | 2 |  2.2
Unarmed Combat | 3 |  3.0
Shapeshifting  | 3 |  3.3
Fighting       | |  1.6

Action                     || total
---------------------------++-------
  Melee: Unarmed           ||    81
         Punch             ||     1
         Touch             ||     3
    Use: Potion            ||     2
   Stab: Sleeping          ||     5
 Armour: Animal skin       ||    42
         Skin              ||    11
  Dodge: Dodged            ||    52

Table legend: (Time is in decaauts)
 A = Elapsed time spent in this place.
 B = Non-inter-level travel time spent in this place.
 C = Inter-level travel time spent in this place.
 D = Time resting spent in this place.
 E = Time spent auto-exploring this place.
 F = Levels seen in this place.
 G = Mean time per level.
                   A        B        C        D        E       F      G
               +--------+--------+--------+--------+--------+-----+--------+
         Total |   1120 |   1034 |     86 |      2 |    845 |   2 |  560.0 |
       Dungeon |   1120 |   1034 |     86 |      2 |    845 |   2 |  560.0 |
               +--------+--------+--------+--------+--------+-----+--------+

Top non-repeatable levels by time:
     D:1: 971 daAuts
     D:2: 149 daAuts
